 Dungeon Crawl Stone Soup version 0.30-a0-2-gf48d83f5e2 (webtiles) character file.

Game seed: 7344668692135986416

9814 ytrimaz the Martial Artist (level 11, -1/93 (108) HPs)
             Began as a Demonspawn Transmuter on Aug 20, 2022.
             Was an Initiate of Gozag.
             Slain by a hell rat (7 damage)
             ... on level 1 of the Lair of Beasts.
             The game lasted 00:19:35 (14077 turns).

ytrimaz the Martial Artist (Demonspawn Transmuter) Turns: 14077, Time: 00:19:36

HP:   -1/93 (108)   AC:  5    Str: 10    XL:     11   Next: 28%
MP:   0/14          EV: 13    Int: 24    God:    Gozag
Gold: 1044          SH:  0    Dex: 15    Spells: 4/14 levels left

rFire   x . .      SeeInvis .      - Unarmed
rCold   + + +      Faith    .    (shield currently unavailable)
rNeg    . . .      Spirit   +    (body armour currently unavailable)
rPois   +          Reflect  .    (helmet currently unavailable)
rElec   .          Harm     .    (cloak currently unavailable)
rCorr   .          Rampage  .    (gloves currently unavailable)
Will    .....                    (boots unavailable)
Stlth   +.........               s - amulet of guardian spirit
HPRegen 2.25/turn                g - ring of protection from cold
MPRegen 0.14/turn                (no ring)

@: ice-form, wereblooded, gold aura, studying Unarmed Combat, heavily drained
A: freezing attack, amphibious, boosted hp, large, (hooves 3), powered by death
1, (spiny 1), big brain 3
a: End Transformation, Renounce Religion, Potion Petition, Call Merchant, Bribe
Branch


You were on level 1 of the Lair of Beasts.
You worshipped Gozag.
Gozag was most pleased with you.
You were a creature of crystalline ice.
You visited 3 branches of the dungeon, and saw 12 of its levels.

You collected 1149 gold pieces.
You paid 105 gold pieces to Gozag.

Inventory:

Missiles
 i - a throwing net
Armour
 d - a +2 buckler of protection (melded)
 e - a +1 cloak (melded)
 k - a +2 hat (melded)
 x - +0 steam dragon scales (melded)
Jewellery
 g - a ring of protection from cold (left front paw)
 m - a ring of ice
 s - an amulet of guardian spirit (around neck)
Wands
 b - a wand of flame (14)
 l - a wand of mindburst (7)
 r - a wand of roots (3)
 t - a wand of quicksilver (12)
 u - a wand of polymorph (17)
Scrolls
 a - 2 scrolls of enchant weapon
 f - 3 scrolls of teleportation
 h - 2 scrolls of brand weapon
 j - a scroll of fog
 n - 2 scrolls of silence
 p - a scroll of amnesia
 q - a scroll of vulnerability
 w - 3 scrolls of identify
 y - a scroll of blinking
Potions
 c - 2 potions of curing
 o - a potion of attraction
 v - a potion of brilliance
 z - 2 potions of mutation
 A - a potion of haste {unknown}
 B - a potion of berserk rage


   Skills:
 - Level 10.0 Fighting
 + Level 7.9 Dodging
 - Level 4.0 Shields
 - Level 11.4 Unarmed Combat
 - Level 2.0 Spellcasting
 + Level 1.8 Transmutations
 - Level 1.3 Poison Magic


You had 4 spell levels left.
You knew the following spells:

 Your Spells              Type           Power      Damage    Failure   Level
a - Beastly Appendage     Tmut           22%        N/A       2%          1
b - Wereblood             Tmut           11%        N/A       3%          2
c - Spider Form           Tmut/Pois      10%        N/A       8%          3
d - Ice Form              Ice/Tmut       6%         N/A       32%         4

Your spell library contained the following spells:

 Spells                   Type           Power      Damage    Failure   Level
 Necrotise                Necr           8%         1d4       4%          1
 Summon Small Mammal      Summ           8%         N/A       4%          1
 Passwall                 Tmut/Erth      5%         N/A       4%          2
 Poisonous Vapours        Pois/Air       10%        N/A       6%          2
 Blink                    Tloc           4%         N/A       8%          2
 Ensorcelled Hibernation  Hex/Ice        4%         N/A       8%          2
 Ignite Poison            Fire/Tmut/Pois 7%         N/A       10%         3
 Mephitic Cloud           Conj/Pois/Air  4%         N/A       12%         3
 Call Canine Familiar     Summ           2%         N/A       14%         3
 Portal Projectile        Hex/Tloc       4%         N/A       14%         3
 Summon Guardian Golem    Hex/Summ       2%         N/A       14%         3
 Swiftness                Air            2%         N/A       14%         3
 Vampiric Draining        Necr           2%         2d6       14%         3
 Leda's Liquefaction      Hex/Erth       1%         N/A       41%         4
 Agony                    Necr           2%         N/A       75%         5
 Freezing Cloud           Conj/Ice/Air   1%         6-21      75%         5
 Eringya's Noxious Bog    Tmut/Pois      5%         N/A       97%         6
 Disjunction              Tloc           1%         N/A       100%        8
 Corpse Rot               Necr/Pois/Air  Unusable   N/A       N/A         4

Dungeon Overview and Level Annotations

Branches:
Dungeon (10/15)            Temple (1/1) D:6            Lair (1/5) D:8
    Orc (0/2) D:10

Altars:
Ashenzari
Cheibriados
Dithmenos
Fedhas
Gozag
Hepliaklqana
Kikubaaqudgha
Makhleb
Nemelex Xobeh
Okawaru
Qazlal
Ru
Sif Muna
Trog
Uskayaw
Vehumet
Wu Jian
Xom
Yredelemnul

Shops:
D:8 *

Annotations:
D:9 exclusion: two-headed ogre


Innate Abilities, Weirdness & Mutations

You are a creature of crystalline ice.
You have a powerful freezing melee attack.
You are amphibious.
Your maximum health is increased.
Your armour is entirely melded.
You are incapable of wielding weapons or throwing items.
((You have hooves in place of feet.))
You regenerate a little health from kills.
((You are partially covered in sharp spines.))
You have an absolutely massive brain. (Int +6, Wiz)


Message History

You kill the hell rat!
The hell rat bites you.
You feel drained.
Unknown command.
Press: ? - help, v - describe, . - travel, g - get item
Here: a hell rat Item here: 5 gold pieces.
The floor.
You barely miss the hell rat.
You howl as the wereblood boils in your veins!
The hell rat is no longer distracted by gold.
The hell rat bites you. The hell rat bites you!
The hell rat bites you but does no damage.
You punch the hell rat! You freeze the hell rat.
You feel a bit better.
You kill the hell rat!
The hell rat bites you but does no damage.
The hell rat bites you.
You feel drained.
The hell rat bites you but does no damage.
Unknown command.
You barely miss the hell rat. The hell rat barely misses you.
The hell rat closely misses you. The hell rat bites you!
* * * LOW HITPOINT WARNING * * *
You feel drained.
* * * LOW HITPOINT WARNING * * *
You punch the hell rat! You freeze the hell rat.
You feel a bit better.
You kill the hell rat!
The hell rat is distracted by your dazzling golden aura.
Unknown command.
The hell rat bites you!
* * * LOW HITPOINT WARNING * * *
The hell rat barely misses you.
The hell rat roars deafeningly!
You see here 7 gold pieces.
Unknown command.
You punch the hell rat! You freeze the hell rat.
The hell rat is no longer distracted by gold.
The hell rat is severely wounded.
You hear an angry hiss.
The hell rat bites you!
You die...
Your body crumbles into a pile of gold.

.8...8..# ##..........
........## ##..........
...8....#. #.....P####.
..........###.....##
###.#)#.....#.#.#.#
#.##.###........#.# #
##.###.###....>.# .#
###.........#..$##..####
##..........##..Y.......
##..........#..rr.......
............###.........
#............##.........
........##..###...###...
........##..# ..... ##
..........### #.####
........... ..#
.........##


You could see 2 hell rats.

Vanquished Creatures
  Pikel (D:5)
  3 elephants (Lair:1)
  A naga mage (D:9)
  4 cane toads (Lair:1)
  A gargoyle (D:10)
  An unseen horror (D:10)
  A komodo dragon (D:10)
  A troll (D:9)
  Prince Ribbit (D:6)
  Grinder (D:5)
  A vampire (D:9)
  2 wraiths
  A yak (D:8)
  A spriggan (D:7)
  A wyvern (Lair:1)
  A steam dragon (D:8)
  Edmund (D:6)
  4 water moccasins
  4 ice beasts
  9 orc warriors
  A sky beast (D:7)
  An ogre (D:6)
  A phantom (D:6)
  3 centaurs
  A kobold brigand (D:8)
  A necrophage (D:4)
  A gnoll sergeant (D:9)
  4 bullfrogs (D:8)
  3 scorpions
  8 wights
  6 killer bees (D:10)
  A hound (D:5)
  7 orc priests
  Jessica (D:3)
  3 iguanas
  8 orc wizards
  4 hell rats (Lair:1)
  8 gnolls
  7 adders
  An ufetubus (D:4)
  2 worms (D:3)
  2 dart slugs
  50 orcs
  4 bats
  5 endoplasms
  3 goblins
  4 hobgoblins
  3 quokkas
  3 ball pythons
  9 kobolds
  6 rats
201 creatures vanquished.

Vanquished Creatures (others)
  18 fungi (D:8)
  13 plants (D:8)
31 creatures vanquished.

Grand Total: 232 creatures vanquished

Notes
Turn   | Place    | Note
-------+----------+-------------------------------------------
     0 | D:1      | ytrimaz the Demonspawn Transmuter began the quest for the
                  | Orb.
     0 | D:1      | Reached XP level 1. HP: 15/15 MP: 3/3
    25 | D:1      | Found a faded altar of an unknown god.
   202 | D:1      | Reached skill level 3 in Unarmed Combat
   360 | D:1      | Gained mutation: You have an unusually large brain. (Int
                  | +2) [demonic ancestry]
   360 | D:1      | Reached XP level 2. HP: 8/21 MP: 5/5
  1068 | D:2      | Found a broken altar of Ashenzari.
  1246 | D:2      | Reached skill level 1 in Shields
  1253 | D:2      | Learned a level 2 spell: Wereblood
  1401 | D:2      | Gained mutation: You are partially covered in sharp spines.
                  | [demonic ancestry]
  1401 | D:2      | Reached XP level 3. HP: 18/26 MP: 3/6
  1851 | D:3      | Noticed Jessica
  1859 | D:3      | Killed Jessica
  1860 | D:3      | Reached skill level 4 in Unarmed Combat
  1887 | D:3      | Lost mutation: You have razor-sharp toenails. [demonic
                  | ancestry]
  1887 | D:3      | Lost mutation: You have sharp toenails. [demonic ancestry]
  1887 | D:3      | Gained mutation: You have large cloven feet. [demonic
                  | ancestry]
  1887 | D:3      | Reached XP level 4. HP: 32/32 MP: 5/7
  2025 | D:3      | You fall into a shaft and drop 3 floors!
  2033 | D:6      | Noticed a water moccasin
  2047 | D:6      | Killed a water moccasin
  2048 | D:6      | Reached skill level 5 in Unarmed Combat
  2048 | D:6      | Gained mutation: You have an extremely huge brain. (Int +4)
                  | [demonic ancestry]
  2048 | D:6      | Reached XP level 5. HP: 37/37 MP: 8/8
  2382 | D:6      | Found a staircase to the Ecumenical Temple.
  2389 | D:6      | Noticed an ice beast
  2415 | D:6      | Killed an ice beast
  2416 | D:6      | Gained mutation: You regenerate a little health from kills.
                  | [demonic ancestry]
  2416 | D:6      | Reached XP level 6. HP: 42/43 MP: 9/9
  2421 | Temple   | Entered the Ecumenical Temple
  2523 | D:5      | Entered Level 5 of the Dungeon
  2614 | D:4      | Reached skill level 6 in Unarmed Combat
  2810 | D:3      | Found a shadowy altar of Dithmenos.
  2810 | D:3      | Found a blossoming altar of Fedhas.
  2810 | D:3      | Found a burning altar of Makhleb.
  2813 | D:3      | Found an ornate altar of the Wu Jian Council.
  2861 | D:3      | Found a radiant altar of Vehumet.
  2872 | D:3      | Found a snail-covered altar of Cheibriados.
  2991 | D:3      | Learned a level 3 spell: Spider Form
  4079 | D:4      | Found a sacrificial altar of Ru.
  4491 | D:5      | Noticed an ice beast
  4503 | D:5      | Killed an ice beast
  4504 | D:5      | Reached XP level 7. HP: 35/48 MP: 10/10
  4853 | D:5      | Reached skill level 7 in Unarmed Combat
  5092 | D:5      | Noticed Pikel
  5109 | D:5      | Killed Pikel
  5110 | D:5      | Reached skill level 8 in Unarmed Combat
  5110 | D:5      | Lost mutation: You have razor-sharp toenails. [demonic
                  | ancestry]
  5110 | D:5      | Lost mutation: You have sharp toenails. [demonic ancestry]
  5110 | D:5      | Gained mutation: You have hoof-like feet. [demonic
                  | ancestry]
  5110 | D:5      | Reached XP level 8. HP: 36/54 MP: 9/11
  5280 | D:5      | Noticed Grinder
  5286 | D:5      | Killed Grinder
  5287 | D:5      | Reached skill level 9 in Unarmed Combat
  5425 | D:5      | Learned a level 4 spell: Ice Form
  5493 | D:6      | Noticed Edmund
  5511 | D:6      | Killed Edmund
  5758 | D:6      | Reached skill level 10 in Unarmed Combat
  5766 | D:6      | Reached skill level 1 in Poison Magic
  5766 | D:6      | Gained mutation: You have an absolutely massive brain. (Int
                  | +6, Wiz) [demonic ancestry]
  5766 | D:6      | Reached XP level 9. HP: 62/62 MP: 9/12
  6601 | D:6      | Noticed Prince Ribbit
  6617 | D:6      | Killed Prince Ribbit
  6618 | D:6      | Reached skill level 5 in Fighting
  7724 | D:8      | Found Gozag's Platinum Reserve.
  7750 | D:8      | Found an opulent altar of Gozag.
  8378 | D:8      | Became a worshipper of Gozag Ym Sagoz the Greedy
  8439 | D:8      | Got the Quarto of Discontinuous Pestilence
  8580 | D:8      | Gained mutation: You have hooves in place of feet. [demonic
                  | ancestry]
  8580 | D:8      | Reached XP level 10. HP: 29/82 MP: 11/13
  8798 | D:8      | Found a staircase to the Lair.
  9652 | D:9      | Noticed a two-headed ogre
 10311 | D:9      | Noticed a two-headed ogre
 10434 | D:9      | Noticed a naga mage
 10451 | D:9      | Killed a naga mage
 10493 | D:9      | Identified a scroll of acquirement
 10495 | D:9      | Acquired a manual of Unarmed Combat
 11490 | D:10     | Entered Level 10 of the Dungeon
 11596 | D:10     | Noticed a gargoyle
 11606 | D:10     | Killed a gargoyle
 11607 | D:10     | Reached skill level 5 in Dodging
 12274 | D:10     | Reached skill level 10 in Fighting
 12573 | D:10     | Found an ancient bone altar of Kikubaaqudgha.
 12620 | D:10     | Found a staircase to the Orcish Mines.
 13328 | Lair:1   | Entered Level 1 of the Lair of Beasts
 13365 | Lair:1   | Noticed a cane toad
 13372 | Lair:1   | Killed a cane toad
 13461 | Lair:1   | Reached XP level 11. HP: 90/90 MP: 9/14
 13538 | Lair:1   | Reached skill level 11 in Unarmed Combat
 14076 | Lair:1   | HP: 4/93 [hell rat (16)]
 14077 | Lair:1   | Slain by a hell rat

Illustrated notes

Levels and vault maps discovered:
D:1:      heliophobic_arrival_henge, layout_basic,
          hellmonk_ecumenical_altar_run_dry, dk_noncrumbling_4,
          minmay_misc_feat_doors, minmay_crystal_room
D:2:      layout_loops_ring, basic_altar
D:3:      layout_basic, nicolae_overflow_hidden_temple,
          grunt_temple_overflow_open, serial_park_tiny_2, uniq_jessica
D:4:      layout_cave_pools, lemuel_tele_altar, kennysheep_little_box, hex_tiny
D:5:      layout_loops_ring, uniq_pikel, uniq_grinder
D:6:      layout_loops_corners, minmay_temple_entry_statues_pillars,
          minmay_misc_feat_pillars, uniq_edmund, uniq_crazy_yiuf_cottage,
          uniq_prince_ribbit1
D:7:      layout_rooms, the_hattery
D:8:      layout_loops_corners, nicolae_gozag_zags_fifth_avenue,
          grunt_lair_entry_orc_guard_hut
D:9:      layout_long_grid, minmay_librarian
D:10:     layout_long_grid, mainiacjoe_overflow_brackets, david_orc_5
Temple:   nicolae_temple_ecumenical_triangle
Lair:1:   layout_layer_cave, basic_altar, grunt_megastairs_4

Skill      XL: |  1  2  3  4  5  6  7  8  9 10 11 |
---------------+----------------------------------+-----
Unarmed Combat | 3 4 5 6 8 10 11 | 11.4
Shields        | 1 2 3 4 |  4.0
Fighting       | 2 8 10 | 10.0
Poison Magic   | 1 |  1.3
Dodging        | 2 7 |  7.9
Spellcasting   | |  2.0
Transmutations | |  1.8

Action                   |  1- 3 |  4- 6 |  7- 9 | 10-12 || total
-------------------------+-------+-------+-------+-------++-------
Melee: Unarmed           |    63 |   116 |   217 |   253 ||   649
       Kick              |     9 |    32 |    36 |    24 ||   101
       Headbutt          |    10 |    22 |    24 |     6 ||    62
 Cast: Beastly Appendage |    20 |    24 |    23 |     8 ||    75
       Wereblood         |       |     1 |     3 |     3 ||     7
       Spider Form       |       |       |    15 |    12 ||    27
       Ice Form          |       |       |     1 |    15 ||    16
Evoke: Wand              |       |       |       |     1 ||     1
  Use: Scroll            |     5 |     5 |     6 |    10 ||    26
       Potion            |       |     9 |     5 |     2 ||    16
 Stab: Distracted        |       |       |     1 |       ||     1
Armor: Robe              |    19 |    26 |    20 |       ||    65
       Skin              |       |     6 |     5 |    31 ||    42
       Steam dragon scal |       |       |     5 |    23 ||    28
Dodge: Dodged            |    13 |    40 |    95 |   169 ||   317
Block: Buckler           |    16 |    34 |    28 |    18 ||    96

Table legend: (Time is in decaauts)
 A = Elapsed time spent in this place.
 B = Non-inter-level travel time spent in this place.
 C = Inter-level travel time spent in this place.
 D = Time resting spent in this place.
 E = Time spent auto-exploring this place.
 F = Levels seen in this place.
 G = Mean time per level.
                   A        B        C        D        E       F      G
               +--------+--------+--------+--------+--------+-----+--------+
         Total |  14009 |  13396 |    613 |   2300 |   8758 |  12 | 1167.4 |
       Dungeon |  13262 |  12698 |    564 |   1953 |   8514 |  10 | 1326.2 |
        Temple |     43 |     26 |     17 |      0 |     18 |   1 |   43.0 |
          Lair |    703 |    671 |     32 |    347 |    226 |   1 |  703.0 |
               +--------+--------+--------+--------+--------+-----+--------+

Top non-repeatable levels by time:
     D:8: 2021 daAuts
     D:6: 1983 daAuts
    D:10: 1757 daAuts
     D:9: 1751 daAuts
     D:3: 1234 daAuts
     D:1: 1117 daAuts
     D:5: 1046 daAuts
     D:2: 834 daAuts
     D:7: 777 daAuts
     D:4: 738 daAuts
  Lair:1: 703 daAuts
  Temple: 43 daAuts
